 Dungeon Crawl Stone Soup version 0.20-a0-1000-g0e8f6bb (webtiles) character file.

2593 Magifyre the Ruffian (level 9, -2/85 HPs)
             Began as a Troll Fighter on Apr 12, 2017.
             Was a Believer of the Shining One.
             Slain by a gnoll
             ... wielding a +0 spear
              (4 damage)
             ... while paralysed by a gnoll
             ... on level 8 of the Dungeon.
             The game lasted 00:17:36 (5793 turns).

Magifyre the Ruffian (Troll Fighter)                Turns: 5793, Time: 00:17:37

Health: -2/85      AC:  9    Str: 26    XL:     9   Next: 33%
Magic:  11/11      EV:  1    Int:  4    God:    the Shining One [**....]
Gold:   207        SH:  0    Dex: 12    Spells: 8/8 levels left

rFire    . . .     SeeInvis .     - Unarmed
rCold    . . .     Gourm    +   b - +0 shield
rNeg     + + .     Faith    .   H - +1 robe {rN+}
rPois    .         Spirit   .   A - +2 hat
rElec    .         Reflect  .   D - +0 cloak
rCorr    .         Harm     .   (gloves unavailable)
MR       .....                  (boots unavailable)
Stlth    +.........             E - amulet of regeneration
Regen    1.1/turn               (no ring)
MPRegen  0.2/turn               (no ring)

@: paralysed, lethally poisoned (-2 -> -2), glowing
A: unfitting armour, claws 3, fast metabolism 3, gourmand, regeneration 1,
shaggy fur 1, tough skin 2
a: Divine Shield, Renounce Religion


You were on level 8 of the Dungeon.
You worshipped the Shining One.
The Shining One was pleased with you.
You were completely stuffed.

You visited 2 branches of the dungeon, and saw 9 of its levels.

You collected 207 gold pieces.

Inventory:

Hand Weapons
 s - a +2 hunting sling of freezing
Missiles
 l - 68 sling bullets
 t - 183 stones (quivered)
Armour
 b - a +0 shield (worn)
 A - a +2 hat (worn)
 D - a +0 cloak (worn)
 H - a +1 robe of positive energy (worn)
Jewellery
 E - an amulet of regeneration (around neck)
Wands
 m - a wand of polymorph (10/24)
 w - a wand of flame (27/48)
Scrolls
 a - a scroll of noise {unknown}
 e - a scroll of recharging {unknown}
 f - a scroll of magic mapping {unknown}
 h - 3 scrolls of enchant armour {unknown}
 n - a scroll of random uselessness {unknown}
 o - 3 scrolls of teleportation {unknown}
 r - a scroll of immolation {unknown}
 x - 3 scrolls of identify {unknown}
 y - a scroll of remove curse {unknown}
Potions
 c - a potion of might
 g - 2 potions of lignification {unknown}
 i - a potion of curing {unknown}
 j - 2 potions of heal wounds {unknown}
 k - a potion of degeneration {unknown}
 q - a potion of berserk rage {unknown}
 v - a potion of ambrosia {unknown}
 z - a potion of mutation {unknown}
 B - 4 potions of haste
 C - 2 potions of invisibility {unknown}
 F - 2 potions of magic {unknown}
Comestibles
 d - 6 bread rations
 p - 3 meat rations
 u - 4 fruits
 G - 9 chunks of flesh
 I - a royal jelly


   Skills:
 + Level 4.5 Fighting
 + Level 4.2 Dodging
 + Level 6.3 Shields
 + Level 7.4 Unarmed Combat
 + Level 4.1 Invocations


You had 8 spell levels left.
You didn't know any spells.

Dungeon Overview and Level Annotations

Branches:
Dungeon (8/15)             Temple (1/1) D:5
   Lair: D:8-11

Altars:
Ashenzari
Cheibriados
Dithmenos
Elyvilon
Fedhas
Gozag
Kikubaaqudgha
Makhleb
Nemelex Xobeh
Okawaru
Qazlal
Ru
Sif Muna
Trog
Vehumet
Wu Jian
Xom
Yredelemnul
Zin
The Shining One


Innate Abilities, Weirdness & Mutations

You are too large for most types of armour.
You have claws for hands.
Your metabolism is lightning-fast.
You like to eat raw meat.
Your natural rate of healing is unusually fast.
You are covered in fur. (AC +1)
You have very tough skin. (AC +2)


Message History

You feel sick.
You feel sick.
You feel sick.
You feel sick.
You feel sick.
Found a stone staircase leading down.
You feel sick.
You feel sick.
You feel sick.
You feel sick.
The gnoll zaps a wand.
You suddenly lose the ability to move!
The orc hits you with a flail.
* * * LOW HITPOINT WARNING * * *
The orc barely misses you.
The gnoll hits you from afar with a spear!
* * * LOW HITPOINT WARNING * * *
You feel sick. The orc hits you with a flail!
* * * LOW HITPOINT WARNING * * *
The gnoll hits you from afar with a spear.
You die...

...#...........##.g.......
...............##.........
..............###...#.....
..........g...# #.........
########'##....###.....####
.........##g...#.......###
.#####....##g...#.........#
.....#.##..o....#.........##
.............@....+...........
.......#.###.....##...........
....#..................#......
........##............#......
#......#..###.....[#####...[
#.........###.....)# ....
#.#................. ..$.
#.................... ...
#.....................


You could see 3 gnolls and an orc.

Vanquished Creatures
  The ghost of HankScorpio the Cudgeler, an amateur GrGl (D:5)
  The ghost of Magifyre the Ruffian, an amateur TrFi (D:4)
  An orc warrior (D:8)
  2 sky beasts
  A hornet zombie (D:8)
  A necrophage (D:5)
  2 ogres
  A crocodile (D:8)
  A big kobold (D:5)
  3 bullfrogs
  3 scorpions
  4 killer bees (D:7)
  3 howler monkeys
  4 crimson imps
  2 orc priests
  A jelly (D:7)
  3 hounds
  Jessica (D:2)
  2 iguanas
  4 orc wizards
  4 worker ants
  A hound zombie (D:5)
  A worker ant zombie (D:6)
  7 gnolls
  8 adders
  4 shadow imps
  An ooze (D:1)
  3 worms
  5 leopard geckos
  20 orcs
  A ball python (D:5)
  10 giant cockroaches
  7 goblins
  12 hobgoblins
  11 jackals
  5 quokkas
  8 bats
  3 frilled lizards
  10 kobolds
  A leopard gecko skeleton (D:5)
  A leopard gecko zombie (D:5)
  9 rats
173 creatures vanquished.

Notes
Turn   | Place    | Note
-------+----------+-------------------------------------------
     0 | D:1      | Magifyre the Troll Fighter began the quest for the Orb.
     0 | D:1      | Reached XP level 1. HP: 22/22 MP: 0/0
   131 | D:1      | Reached XP level 2. HP: 29/29 MP: 1/1
   537 | D:1      | Reached XP level 3. HP: 35/36 MP: 2/2
   539 | D:1      | Reached skill level 3 in Unarmed Combat
   847 | D:2      | Found a shattered altar of Ashenzari.
   890 | D:2      | Noticed Jessica
   926 | D:2      | Killed Jessica
   926 | D:2      | Reached XP level 4. HP: 29/44 MP: 3/3
   953 | D:2      | Found a blossoming altar of Fedhas.
   954 | D:2      | Found a snail-covered altar of Cheibriados.
  1271 | D:2      | Found a stormy altar of Qazlal.
  1504 | D:3      | Reached skill level 4 in Unarmed Combat
  1552 | D:3      | Reached XP level 5. HP: 47/50 MP: 4/4
  2420 | D:4      | Noticed Magifyre's ghost (amateur TrFi)
  2430 | D:4      | Killed Magifyre's ghost
  2430 | D:4      | Reached skill level 5 in Unarmed Combat
  2430 | D:4      | Reached XP level 6. HP: 44/59 MP: 5/5
  2615 | D:4      | Found a basalt altar of Yredelemnul.
  2954 | D:4      | Found a glowing golden altar of the Shining One.
  3017 | D:4      | Noticed an angel
  3022 | D:4      | Became a worshipper of the Shining One
  3105 | D:4      | Found an iron altar of Okawaru.
  3105 | D:4      | Found an ancient bone altar of Kikubaaqudgha.
  3113 | D:4      | Reached XP level 7. HP: 66/66 MP: 6/6
  3146 | D:4      | Found a sacrificial altar of Ru.
  3150 | D:4      | Reached skill level 5 in Shields
  3194 | D:5      | Entered Level 5 of the Dungeon
  3282 | D:5      | Noticed HankScorpio's ghost (amateur GrGl)
  3301 | D:5      | Killed HankScorpio's ghost
  3301 | D:5      | Reached skill level 6 in Unarmed Combat
  3301 | D:5      | Reached skill level 1 in Invocations
  3437 | D:5      | Found a blossoming altar of Fedhas.
  3615 | D:5      | Found a staircase to the Ecumenical Temple.
  3623 | Temple   | Entered the Ecumenical Temple
  3799 | D:5      | Reached XP level 8. HP: 72/75 MP: 8/8
  3976 | D:5      | Reached * piety under the Shining One
  4689 | D:6      | Found a sparkling altar of Nemelex Xobeh.
  5203 | D:7      | Reached skill level 7 in Unarmed Combat
  5384 | D:7      | Reached XP level 9. HP: 75/84 MP: 10/10
  5652 | D:8      | Reached ** piety under the Shining One
  5790 | D:8      | Paralysed by a gnoll for 7 turns
  5793 | D:8      | HP: 2/85 [orc/flail (10)]
  5793 | D:8      | Slain by a gnoll

Vault maps used:
D:1:      evilmike_arrival_hilbert_curve, minmay_pentomino_s4
D:2:      nicolae_ashenzari_panopticon, grunt_temple_overflow_open,
          marbit_many_paths, minmay_misc_feat_rows, uniq_jessica
D:4:      grunt_temple_overflow_holy_war, old_standard_altar,
          gammafunk_temple_overflow_wave, grunt_ministairs_13
D:5:      temple_green, first_bread, minmay_stone_trees_large, fedhas_altar_2
D:6:      minmay_klotski, nemelex_altar_shiori
D:8:      kennysheep_mini_moat, lair_entry_dummy, basic_altar
Temple:   zaba_magenta_temple

Skill      XL: |  1  2  3  4  5  6  7  8  9 |
---------------+----------------------------+-----
Unarmed Combat | 3 4 5 6 7 |  7.4
Shields        | 3 4 5 6 |  6.3
Invocations    | 1 3 4 |  4.1
Fighting       | 3 4 |  4.5
Dodging        | 3 4 |  4.2

Action                   |  1- 3 |  4- 6 |  7- 9 || total
-------------------------+-------+-------+-------++-------
Melee: Unarmed           |   113 |   147 |   285 ||   545
  Eat: Chunk             |    14 |    17 |    28 ||    59
Armor: Robe              |    39 |    43 |    66 ||   148
Dodge: Dodged            |    40 |    31 |    94 ||   165
Block: Shield            |    43 |    58 |   123 ||   224
